 Dungeon Crawl Stone Soup version 0.28.0 (webtiles) character file.

Game seed: 9240670481792825727

23 themarg the Caller (level 3, 0/24 HPs)
             Began as a Merfolk Summoner on Feb 14, 2022.
             Slain by an adder (4 damage)
             ... on level 1 of the Dungeon.
             The game lasted 00:06:10 (1502 turns).

themarg the Caller (Merfolk Summoner)               Turns: 1502, Time: 00:06:11

Health: 0/24       AC:  2    Str:  8    XL:     3   Next: 0%
Magic:  2/6        EV: 13    Int: 16    God:
Gold:   42         SH:  0    Dex: 14    Spells: 5/6 levels left

rFire   . . .      SeeInvis .   d - +0 dagger
rCold   . . .      Faith    .   (no shield)
rNeg    . . .      Spirit   .   a - +0 robe
rPois   .          Reflect  .   (no helmet)
rElec   .          Harm     .   (no cloak)
rCorr   .          Rampage  .   (no gloves)
Will    .....                   (no boots)
Stlth   ++........              (no amulet)
HPRegen 0.08/turn               (no ring)
MPRegen 0.10/turn               (no ring)

@: lethally poisoned (0 -> -5), invisible
A: (nimble swimmer 2), mertail
a: no special abilities


You were on level 1 of the Dungeon.
You visited 1 branch of the dungeon, and saw 2 of its levels.

You collected 42 gold pieces.

Inventory:

Hand Weapons
 d - a +0 dagger (weapon)
Armour
 a - a +0 robe (worn)
Scrolls
 b - a scroll of magic mapping {unknown}
 c - 2 scrolls of identify {unknown}
 f - a scroll of immolation {unknown}
 g - a scroll of teleportation {unknown}


   Skills:
 + Level 3.0 Dodging
 + Level 2.6 Stealth
 + Level 2.2 Spellcasting
 + Level 4.4 Summonings


You had 5 spell levels left.
You knew the following spells:

 Your Spells              Type           Power      Damage    Failure   Level
a - Summon Small Mammal   Summ           64%        N/A       3%          1

Your spell library contained the following spells:

 Spells                   Type           Power      Damage    Failure   Level
 Call Imp                 Summ           16%        N/A       4%          2
 Call Canine Familiar     Summ           16%        N/A       10%         3
 Summon Guardian Golem    Hex/Summ       8%         N/A       24%         3
 Summon Lightning Spire   Summ/Air       8%         N/A       63%         4


Dungeon Overview and Level Annotations

Branches:
Dungeon (2/15)

Altars:


Innate Abilities, Weirdness & Mutations

((You are very nimble when in or above water. (Stealth+, EV+, Speed+++)))
Your lower body shifts to a powerful aquatic tail in water.


Message History

The adder is moderately wounded.
The adder barely misses you. The ball python bites your bat.
The ball python closely misses your bat.
The adder bites you.
* * * LOW HITPOINT WARNING * * *
Your bat closely misses the ball python.
Your quokka bites the adder but does no damage.
Your bat barely misses the ball python.
The ball python misses your bat. The ball python grabs your bat.
The ball python constricts your bat.
Your bat closely misses the ball python.
The ball python bites your bat.
Your bat dies!
Your bat's corpse disappears in a puff of smoke!
There is an open door here.
The adder closely misses you.
There is a stone staircase leading up here.
Your quokka barely misses the adder.
The adder barely misses you.
You climb upwards.
There is a stone staircase leading down here.
Casting: Summon Small Mammal (safe; 3% risk of failure)
Confirm with . or Enter, or press ? or * to list all spells.
The adder closely misses you. What are your orders? t - Shout!
Orders for allies: a - Attack new target. r - Retreat! s - Stop attacking. g - Guard the area. f - Follow me.
Anything else - Cancel.
Gang up on whom?
Press: ? - help, Dir - move target, f - adder
Aim: an adder (moderately wounded, ally target) Attack!
The adder bites you.
* * * LOW HITPOINT WARNING * * *
You are lethally poisoned!
The adder poisons you! The adder misses you.
It was a potion of invisibility.
You fade into invisibility!
* * * LOW HITPOINT WARNING * * *
You feel sick. The adder bites you.
You die...

#.# #..###.....#.#
#.# #....#.#.###.#
#.# ##.#.#.#......
#.# #.#.#.#####..
#.# #.#.#.#....#.
#.# #.#...#.##.#.
##.####.......##.#.
#......#########.#.
#.@................
#Sr....#.###.######
#............#
#......#.#####
######.#.# # #.#.#
# #.#.# #### #.#.#
#.## #.#.# ###.##


You could see an adder (ally target) and a friendly quokka (summoned).

Vanquished Creatures
  A goblin (D:1)
  A hobgoblin (D:1)
  A quokka (D:1)
  A ball python (D:1)
  A bat (D:1)
  A frilled lizard (D:1)
  A kobold (D:2)
  3 rats (D:1)
10 creatures vanquished.

Vanquished Creatures (collateral kills)
  A dart slug (D:1)
  An endoplasm (D:1)
  2 giant cockroaches (D:1)
  A goblin (D:1)
  A hobgoblin (D:1)
  2 kobolds
  2 ball pythons (D:1)
  A bat (D:1)
  A rat (D:1)
12 creatures vanquished.

Grand Total: 22 creatures vanquished

Notes
Turn   | Place    | Note
-------+----------+-------------------------------------------
     0 | D:1      | themarg the Merfolk Summoner began the quest for the Orb.
     0 | D:1      | Reached XP level 1. HP: 13/13 MP: 3/3
   222 | D:1      | Reached XP level 2. HP: 11/19 MP: 1/5
  1492 | D:2      | Reached XP level 3. HP: 12/24 MP: 2/6
  1502 | D:1      | Slain by an adder

Illustrated notes

Levels and vault maps discovered:
D:1:      amcnicky_arrival_gap_in_the_tavern_cellar, layout_basic,
          nrook_mini_backslash, palyth_stone_intersect, grunt_decor_arrowhead,
          minmay_misc_feat_doors, hangedman_abyss_or_decor_stabs
D:2:      layout_basic, serial_shops, shop, uniq_terence,
          uniq_crazy_yiuf_cottage

Skill      XL: |  1 |
---------------+----+-----
Dodging        | 3 |  3.0
Stealth        | |  2.6
Spellcasting   | |  2.2
Summonings     | |  4.4

Action                   || total
-------------------------++-------
Melee: Unarmed           ||    13
       Punch             ||     1
       Dagger            ||    34
 Cast: Summon Small Mamm ||    34
  Use: Potion            ||     1
 Stab: Sleeping          ||     2
Armor: Robe              ||     4
Dodge: Dodged            ||    36
